cohdb
Replays
Latest Replays
All Replays
Popular Replays
Top Player Replays
Match Explorer
How It Works
Community
CoH3 Stats
Reddit
Sign in to upload your games and track your stats! β
Sign in with Steam
Match 45168554
Unlisted
Match 45168554
Overview
Messages
Build Orders
End
Selects Luftwaffe Battlegroup
Selects Luftwaffe Pioneer Support
Fallschirmpioneer Squad Paradrop
Construct Infanterie Kompanie
MG 42 Machine Gun Team
Grenadier Squad
Grenadier Squad
Infanterie Officer Quarters
Fallschirmpioneer Squad Paradrop
Doge ππ»πΊπΈπ₯
Eilte
DebaKLe
NotQuiteAKing
0
0
Comments
sign in to comment!
No comments posted yet!